 Dungeon Crawl Stone Soup version 0.31-a0-1589-g8f5e8aebd6 (webtiles) character file.

Game seed: 9660244718802105880

571 Atlas the Ruffian (level 7, -1/79 HPs)
             Began as a Red Draconian Shapeshifter on Jan 6, 2024.
             Slain by an iguana (4 damage)
             ... on level 5 of the Dungeon.
             The game lasted 00:04:13 (4075 turns).

Atlas the Ruffian (Red Draconian Shapeshifter)      Turns: 4075, Time: 00:04:14

Health: -1/79      AC: 23    Str: 18    XL:     7   Next: 12%
Magic:  7/7        EV:  2    Int: 16    God:
Gold:   210        SH:  3    Dex: 11    Spells: 6/6 levels left

rFire   . .          .
                       - Unarmed
rCold   . . .        q - +0 buckler
rNeg    . . .        (body armour unavailable)
rPois   +            (helmet currently unavailable)
rElec   .            (cloak currently unavailable)
rCorr   .            (gloves currently unavailable)
SInv    .            (boots currently unavailable)
Will    .....        (no amulet)
Stlth   +            f - +6 ring of intelligence
HPRegen 0.33/turn    (no ring)
MPRegen 0.10/turn

%: no passive effects
@: tree-form
A: stationary, stasis, torment immunity, boosted hp, (breathe fire), AC +6,
unfitting armour, (fire resistance 1), (cold-blooded)
a: no special abilities


You were on level 5 of the Dungeon.
You were a tree.
You visited 1 branch of the dungeon, and saw 5 of its levels.

You collected 210 gold pieces.

Inventory:

Missiles
 i - 5 javelins (quivered)
Armour
 q - a +0 buckler (worn)
Jewellery
 f - a +6 ring of intelligence (left branch)
 r - a ring of magical power
Talismans
 b - a beast talisman
 c - a flux talisman
Wands
 p - a wand of flame (12)
Scrolls
 d - 2 scrolls of identify {unknown}
 h - 3 scrolls of enchant armour {unknown}
 l - a scroll of blinking {unknown}
 n - a scroll of poison {unknown}
 o - a scroll of immolation {unknown}
 s - a scroll of teleportation {unknown}
 t - a scroll of vulnerability {unknown}
 u - a scroll of noise {unknown}
 x - a scroll of fog {unknown}
Potions
 e - 3 potions of curing {unknown}
 g - 2 potions of cancellation {unknown}
 j - a potion of ambrosia {unknown}
 k - a potion of brilliance {unknown}
 m - 2 potions of magic {unknown}
 v - 2 potions of mutation {unknown}
 w - a potion of attraction {unknown}


   Skills:
 + Level 1.7 Fighting
 + Level 3.1 Dodging
 + Level 1.0 Stealth
 + Level 0.3 Shields
 + Level 6.4 Unarmed Combat
 * Level 4.4 Shapeshifting


You had 6 spell levels left.
You didn't know any spells.
Your spell library contained the following spells:

 Spells                   Type           Power      Damage    Failure   Level
 Apportation              Tloc           0%         N/A       32%         1
 Necrotise                Necr           0%         1d4       32%         1
 Sting                    Conj/Alch      0%         1d3       32%         1
 Summon Small Mammal      Summ           0%         N/A       32%         1
 Ensorcelled Hibernation  Hex/Ice        0%         N/A       43%         2
 Passwall                 Erth           0%         N/A       67%         3
 Swiftness                Air            0%         N/A       67%         3


Dungeon Overview and Level Annotations

Branches:
Dungeon (5/15)
 Temple: D:4-7

Altars:
Ashenzari
Cheibriados
Fedhas
Kikubaaqudgha
Nemelex Xobeh
Qazlal

Annotations:
D:2 1 runed translucent door, Crazy Yiuf


Innate Abilities, Weirdness & Mutations

You are a tree.
Your roots penetrate the ground, keeping you stationary.
You cannot be teleported.
You are immune to unholy pain and torment.
Your maximum health is greatly increased.
Your equipment is partially melded.
((You can breathe blasts of fire.))
((Your fiery red scales are hard. (AC +6)))
You cannot fit into any form of body armour.
((Your flesh is heat resistant. (rF+)))
((You are cold-blooded and may be slowed by cold attacks.))


Message History

You are too injured to fight recklessly!
You are too injured to fight recklessly!
You closely miss the scorpion.
Your tail-slap misses the scorpion.
The scorpion is heavily wounded.
You feel sick. The scorpion stings you.
* * * LOW HITPOINT WARNING * * *
Unknown command.
Your transformation has ended.
You turn into a tree.
Your roots penetrate the ground.
You feel sick.
The iguana bites you but does no damage.
The scorpion stings you but does no damage.
You hit the scorpion but do no damage.
The scorpion is heavily wounded.
You feel sick. The iguana barely misses you. The scorpion barely misses you.
You hit the scorpion.
The scorpion is severely wounded.
You feel sick.
The iguana bites you but does no damage.
The scorpion completely misses you.
You smack the scorpion!
You kill the scorpion!
You feel sick. The iguana bites you.
* * * LOW HITPOINT WARNING * * *
You have reached level 7!
Your scales start taking on a fiery red colour.
You learn Fire Magic much quicker.
You learn Ice Magic much slower.
You can breathe blasts of fire.
You feel resistant to heat.
You hit the iguana but do no damage.
You feel sick.
The iguana bites you but does no damage.
You barely miss the iguana.
You feel sick.
You are no longer poisoned.
The iguana bites you.
* * * LOW HITPOINT WARNING * * *
You barely miss the iguana.
The iguana bites you but does no damage.
You smack the iguana!
The iguana is heavily wounded.
The iguana bites you.
You die...

...... ..#.. .... ##...
. # #... ..#.###..
....#..l# .......♣#
.......)##### .#
............## .#
.......?.....##.##
.$...............#
...............# #.....
.......).......# ......
..............>###......
................#...#...


You could see an iguana.

Vanquished Creatures
  An ice beast (D:5)
  A phantom (D:4)
  2 scorpions
  A gnoll bouda (D:4)
  An iguana (D:3)
  Ijyb (D:3)
  7 gnolls
  2 adders
  4 ribbon worms
  4 dart slugs
  11 orcs
  10 endoplasms
  5 giant cockroaches
  9 goblins
  10 hobgoblins
  10 kobolds
  2 quokkas
  8 ball pythons
  4 bats
  4 frilled lizards
  3 rats
100 creatures vanquished.

Notes
Turn   | Place    | Note
-------+----------+-------------------------------------------
     0 | D:1      | Atlas the Draconian Shapeshifter began the quest for the
                  | Orb.
     0 | D:1      | Reached XP level 1. HP: 16/16 MP: 1/1
    99 | D:1      | Reached XP level 2. HP: 4/23 MP: 2/2
   538 | D:1      | Reached XP level 3. HP: 28/28 MP: 3/3
  1101 | D:1      | Reached skill level 4 in Unarmed Combat
  1161 | D:2      | Reached XP level 4. HP: 25/35 MP: 4/4
  1441 | D:2      | Found a sparkling altar of Nemelex Xobeh.
  1666 | D:2      | Found a runed translucent door.
  1667 | D:2      | Noticed Crazy Yiuf
  1886 | D:3      | Reached skill level 5 in Unarmed Combat
  1886 | D:3      | Reached XP level 5. HP: 10/40 MP: 5/5
  2103 | D:3      | Found an ancient bone altar of Kikubaaqudgha.
  2441 | D:3      | Noticed Ijyb
  2453 | D:3      | Killed Ijyb
  3320 | D:4      | Noticed a phantom
  3332 | D:4      | Killed a phantom
  3333 | D:4      | Reached XP level 6. HP: 45/47 MP: 6/6
  3578 | D:4      | Found a broken altar of Ashenzari.
  3580 | D:4      | Found a stormy altar of Qazlal.
  3580 | D:4      | Found a blossoming altar of Fedhas.
  3620 | D:4      | Found a snail-covered altar of Cheibriados.
  3899 | D:5      | Entered Level 5 of the Dungeon
  3936 | D:5      | Noticed an ice beast
  3946 | D:5      | Killed an ice beast
  3947 | D:5      | Reached skill level 6 in Unarmed Combat
  4061 | D:5      | Reached skill level 1 in Stealth
  4072 | D:5      | Your scales start taking on a fiery red colour.
  4072 | D:5      | Reached XP level 7. HP: 9/53 MP: 7/7
  4072 | D:5      | Gained mutation: Your flesh is heat resistant. (rF+) [Red
                  | Draconian growth]
  4073 | D:5      | HP: 3/79 [iguana (5)]
  4075 | D:5      | Slain by an iguana

Illustrated notes

Levels and vault maps discovered:
D:1:      minmay_arrival_checkered_box, layout_basic, serial_bayou_pond_a
D:2:      layout_rooms, basic_altar, minmay_misc_feat_chi, minmay_ruptured,
          uniq_crazy_yiuf_cottage
D:3:      layout_basic, mainiacjoe_overflow_chevrons, uniq_ijyb
D:4:      layout_basic, gammafunk_temple_overflow_forgotten,
          kennysheep_mini_moat
D:5:      layout_cave_pools

Skill      XL: |  1  2  3  4  5  6 |
---------------+-------------------+-----
Dodging        | 2 3 |  3.1
Unarmed Combat | 4 5 6 |  6.4
Shapeshifting  | 4 |  4.4
Stealth        | 1 |  1.0
Fighting       | |  1.7
Shields        | |  0.3

Action                     |  1- 3 |  4- 6 |  7- 9 || total
---------------------------+-------+-------+-------++-------
  Melee: Unarmed           |    90 |   181 |     4 ||   275
         Tailslap          |     9 |    24 |       ||    33
         Punch             |     3 |     7 |       ||    10
  Throw: Javelin           |     2 |     1 |       ||     3
    Use: Potion            |       |     1 |       ||     1
   Stab: Sleeping          |       |     1 |       ||     1
 Armour: Skin              |    51 |    82 |     4 ||   137
  Dodge: Dodged            |    53 |    85 |       ||   138
  Block: Buckler           |       |     9 |       ||     9

Table legend: (Time is in decaauts)
 A = Elapsed time spent in this place.
 B = Non-inter-level travel time spent in this place.
 C = Inter-level travel time spent in this place.
 D = Time resting spent in this place.
 E = Time spent auto-exploring this place.
 F = Levels seen in this place.
 G = Mean time per level.
                   A        B        C        D        E       F      G
               +--------+--------+--------+--------+--------+-----+--------+
         Total |   4063 |   3848 |    215 |    246 |   2947 |   5 |  812.6 |
       Dungeon |   4063 |   3848 |    215 |    246 |   2947 |   5 |  812.6 |
               +--------+--------+--------+--------+--------+-----+--------+

Top non-repeatable levels by time:
     D:3: 1365 daAuts
     D:1: 1055 daAuts
     D:2: 766 daAuts
     D:4: 702 daAuts
     D:5: 174 daAuts
